 Dungeon Crawl Stone Soup version 0.29-a0-668-g12ee2bf84d (console) character file.

Game seed: 16019097383053175548

84 om the Insei (level 4, -1/32 HPs)
             Began as a Merfolk Transmuter on June 23, 2022.
             Slain by Ijyb
             ... wielding a +0 club
              (3 damage)
             ... on level 3 of the Dungeon.
             The game lasted 00:03:22 (2405 turns).

om the Insei (Merfolk Transmuter)                   Turns: 2405, Time: 00:03:23

Health: -1/32      AC:  3    Str: 12    XL:     4   Next: 45%
Magic:  7/7        EV: 12    Int: 12    God:
Gold:   130        SH:  0    Dex: 14    Spells: 4/7 levels left

rFire   . . .      SeeInvis .     - Unarmed
rCold   . . .      Faith    .   (no shield)
rNeg    . . .      Spirit   .   a - +1 robe
rPois   .          Reflect  .   (helmet currently unavailable)
rElec   .          Harm     .   (no cloak)
rCorr   .          Rampage  .   (no gloves)
Will    .....                   (boots currently unavailable)
Stlth   +.........              f - amulet of magic regeneration
HPRegen 0.10/turn               (no ring)
MPRegen 0.50/turn               (no ring)

@: appendages (expiring), wereblooded (expiring)
A: horns 2, (nimble swimmer 2), mertail
a: End Transformation


You were on level 3 of the Dungeon.
You had temporarily grown beastly horns.
You visited 1 branch of the dungeon, and saw 3 of its levels.

You collected 130 gold pieces.

Inventory:

Armour
 a - a +1 robe (worn)
 b - a +0 helmet (melded)
Jewellery
 f - an amulet of magic regeneration (around neck)
Scrolls
 d - a scroll of enchant weapon
Potions
 c - a potion of brilliance
 h - a potion of flight


   Skills:
 - Level 1.1 Fighting
 - Level 2.6 Dodging
 * Level 5.6 Unarmed Combat
 - Level 2.0 Spellcasting
 - Level 2.6 Transmutations


You had 4 spell levels left.
You knew the following spells:

 Your Spells              Type           Power      Damage    Failure   Level
a - Beastly Appendage     Tmut           14%        N/A       9%          1
b - Wereblood             Tmut           7%         N/A       14%         2

Your spell library contained the following spells:

 Spells                   Type           Power      Damage    Failure   Level
 Magic Dart               Conj           4%         1d3       26%         1
 Searing Ray              Conj           2%         2d4       38%         2
 Spider Form              Tmut/Pois      4%         N/A       43%         3
 Ice Form                 Ice/Tmut       4%         N/A       83%         4
 Animate Dead             Necr           1%         N/A       95%         4
 Fulminant Prism          Conj/Hex       0%         3d6       95%         4
 Borgnjor's Vile Clutch   Necr/Erth      0%         N/A       100%        5
 Death Channel            Necr           0%         N/A       100%        6


Dungeon Overview and Level Annotations

Branches:
Dungeon (3/15)

Altars:

Annotations:
D:3 Ijyb


Innate Abilities, Weirdness & Mutations

You have temporarily grown beastly horns.
((You are very nimble when in or above water. (Stealth+, EV+, Speed+++)))
Your lower body shifts to a powerful aquatic tail in water.


Message History

You howl as the wereblood boils in your veins!
Ijyb hits you but does no damage.
You hit Ijyb but do no damage. You headbutt Ijyb, but do no damage.
Ijyb hits you with a +0 club.
You closely miss Ijyb. Ijyb hits you with a +0 club.
You hit Ijyb.
Ijyb is lightly wounded.
Ijyb zaps a wand.
You resist with some effort.
You closely miss Ijyb.
Ijyb is lightly wounded.
Ijyb misses you.
You closely miss Ijyb.
Ijyb is lightly wounded.
Your transformation is almost over.
Ijyb barely misses you.
You hit Ijyb but do no damage. Your headbutt misses Ijyb.
You howl as the wereblood boils in your veins!
Ijyb zaps a wand.
You suddenly lose the ability to move!
Your primal bloodlust is almost over.
Ijyb hits you but does no damage. Ijyb hits you with a +0 club.
Ijyb hits you but does no damage. Ijyb hits you with a +0 club.
* * * LOW HITPOINT WARNING * * *
You can move again.
Okay, then.
Casting: Beastly Appendage (safe; 9% risk of failure)
Press: ? - help, Q - select action, (/) - cycle Dir - look around, f - activate You extend your transformation's duration.
Ijyb hits you with a +0 club.
* * * LOW HITPOINT WARNING * * *
Casting: Beastly Appendage (safe; 9% risk of failure)
Confirm with . or Enter, or press ? or * to list all spells.
Okay, then.
Throw: throwing net
Press: ? - help, Shift-Dir - straight line, f - Ijyb
Aim: Ijyb, wielding a +0 club, wearing a +2 chain mail of poison resistance and carrying a wand of paralysis (7) (59% to hit)
You throw a throwing net. The throwing net barely misses Ijyb.
Ijyb hits you with a +0 club.
You die...

#########
#.......#
#.......#
#.......#
#......<#
#.......#
#..g@...#
......†....#
####.......#
#.......(.
#.......###
####.####
#.# #.#


You could see Ijyb.

Vanquished Creatures
  3 adders
  A gnoll (D:1)
  A worm (D:2)
  A dart slug (D:1)
  4 bats
  4 endoplasms (D:2)
  4 goblins
  5 hobgoblins
  3 jackals (D:1)
  A ball python (D:1)
  3 frilled lizards
  5 kobolds
  4 rats
39 creatures vanquished.

Vanquished Creatures (others)
  2 plants (D:1)
2 creatures vanquished.

Grand Total: 41 creatures vanquished

Notes
Turn   | Place    | Note
-------+----------+-------------------------------------------
     0 | D:1      | om the Merfolk Transmuter began the quest for the Orb.
     0 | D:1      | Reached XP level 1. HP: 15/15 MP: 3/3
   335 | D:1      | Reached XP level 2. HP: 16/21 MP: 3/5
   507 | D:1      | Reached skill level 4 in Unarmed Combat
   663 | D:1      | Found a faded altar of an unknown god.
   739 | D:1      | Reached XP level 3. HP: 4/26 MP: 6/6
  1135 | D:1      | Learned a level 2 spell: Wereblood
  1548 | D:2      | Reached skill level 5 in Unarmed Combat
  1778 | D:2      | Reached XP level 4. HP: 17/32 MP: 7/7
  2378 | D:3      | Noticed Ijyb
  2399 | D:3      | Paralysed by Ijyb for 4 turns
  2405 | D:3      | Slain by Ijyb

Illustrated notes

Levels and vault maps discovered:
D:1:      wander_arrival_estate, layout_loops_ring,
          dreamdust_ecumenical_altar_statues, serial_bayou_lagoon_a
D:2:      layout_rooms
D:3:      minmay_angry_zag, layout_rooms, serial_shops, shop, uniq_robin,
          uniq_ijyb

Skill      XL: |  1  2  3 |
---------------+----------+-----
Unarmed Combat | 4 5 |  5.6
Fighting       | |  1.1
Dodging        | |  2.6
Spellcasting   | |  2.0
Transmutations | |  2.6

Action                   |  1- 3 |  4- 6 || total
-------------------------+-------+-------++-------
Melee: Unarmed           |    92 |    42 ||   134
       Headbutt          |    10 |     4 ||    14
       Punch             |     1 |     2 ||     3
       Tailslap          |     1 |       ||     1
Throw: Throwing net      |       |     1 ||     1
 Cast: Beastly Appendage |    16 |     9 ||    25
       Wereblood         |     2 |     1 ||     3
  Use: Potion            |     1 |     2 ||     3
       Scroll            |     5 |     2 ||     7
Armor: Robe              |    14 |    15 ||    29
       Skin              |    30 |       ||    30
Dodge: Dodged            |    58 |    31 ||    89

Table legend: (Time is in decaauts)
 A = Elapsed time spent in this place.
 B = Non-inter-level travel time spent in this place.
 C = Inter-level travel time spent in this place.
 D = Time resting spent in this place.
 E = Time spent auto-exploring this place.
 F = Levels seen in this place.
 G = Mean time per level.
                   A        B        C        D        E       F      G
               +--------+--------+--------+--------+--------+-----+--------+
         Total |   2381 |   2310 |     71 |    363 |   1614 |   3 |  793.7 |
       Dungeon |   2381 |   2310 |     71 |    363 |   1614 |   3 |  793.7 |
               +--------+--------+--------+--------+--------+-----+--------+

Top non-repeatable levels by time:
     D:1: 1451 daAuts
     D:2: 900 daAuts
     D:3: 28 daAuts
